 Dungeon Crawl Stone Soup version 0.22.1-1-ga44c0e5 (webtiles) character file.

208106 dvd the Eclecticist (level 18, -2/96 HPs)
             Began as a Deep Elf Air Elementalist on Oct 15, 2018.
             Was the Champion of Vehumet.
             Shot with an arrow by a satyr (23 damage)
             ... on level 2 of the Shoals on Oct 17, 2018.
             The game lasted 04:00:10 (47102 turns).

dvd the Eclecticist (Deep Elf Air Elementalist)    Turns: 47102, Time: 04:00:10

Health: -2/96      AC: 11    Str:  5    XL:     18   Next: 11%
Magic:  36/44      EV: 23    Int: 33    God:    Vehumet [******]
Gold:   1198       SH:  6    Dex: 15    Spells: 2/58 levels left

rFire    . . .     SeeInvis +   z - +8 whip "Snakebite" {curare, rPois}
rCold    + . .     Gourm    .   B - +1 buckler of Xegrosuw {+Blink Regen+ Int+4}
rNeg     . . .     Faith    .   E - +2 robe {rC+}
rPois    +         Spirit   .   d - +2 helmet
rElec    +         Reflect  .   e - scarf {cloud immunity}
rCorr    .         Harm     .   v - +2 pair of gloves
MR       +....                  (no boots)
Stlth    ++........             X - amulet "Zeupot" {+Rage rElec}
HPRegen  0.66/turn              M - ring of Xom's Ringing Laughter {Wiz SInv}
MPRegen  0.29/turn              N - +4 ring of evasion

@: shrouded
A: yellow scales 1, deformed body
}: 1/15 runes: gossamer
a: Renounce Religion, Evoke Blink, Evoke Berserk Rage


You were on level 2 of the Shoals.
You worshipped Vehumet.
Vehumet was exalted by your worship.
You were not hungry.

You visited 6 branches of the dungeon, and saw 31 of its levels.
You also visited: Ossuary and Ice Cave.

You collected 2718 gold pieces.
You spent 1520 gold pieces at shops.

Inventory:

Hand Weapons
 y - the +11 whip of Watchfulness {protect, rC+ rN+ Int+2}
   (You found it on level 14 of the Dungeon)

   It protects the one who uses it against injury (+AC on strike).
   It affects your intelligence (+2).
   It protects you from cold.
   It protects you from negative energy.
 z - the +8 whip "Snakebite" (weapon) {curare, rPois}
   (You found it on level 2 of the Lair of Beasts)

   It poisons the flesh of those it strikes.
   It protects you from poison.
 K - a +5 scimitar of flaming
 W - a +9 long sword of electrocution
Armour
 d - a +2 helmet (worn)
 e - a scarf of cloud immunity (worn)
 f - a +2 robe of magic resistance
 v - a +2 pair of gloves (worn)
 B - the +1 buckler of Xegrosuw (worn) {+Blink Regen+ Int+4}
   (You acquired it on level 3 of the Lair of Beasts)

   It affects your intelligence (+4).
   It lets you blink.
   It increases your rate of regeneration.
 E - a +2 robe of cold resistance (worn)
Magical Staves
 O - an uncursed staff of power
Jewellery
 h - a +3 ring of dexterity
 k - an uncursed ring of fire
 w - an uncursed ring of resist corrosion
 M - the ring of Xom's Ringing Laughter (left hand) {Wiz SInv}
   (You found it on level 3 of the Lair of Beasts)

   [ring of wizardry]

   It improves your spell success rate.
   It lets you see invisible.
 N - a +4 ring of evasion (right hand)
 X - the amulet "Zeupot" (around neck) {+Rage rElec}
   (You found it on level 6 of the Lair of Beasts)

   [amulet of rage]

   It insulates you from electricity.
   It lets you go berserk.
Wands
 o - a wand of acid (10)
 r - a wand of iceblast (30)
 A - a wand of random effects (42)
 D - a wand of digging (37)
 J - a wand of paralysis (21)
 L - a wand of enslavement (21)
 P - a wand of flame (96)
 U - a wand of scattershot (7)
 V - a wand of clouds (4)
 Z - a wand of disintegration (12)
Scrolls
 g - 9 scrolls of teleportation
 i - 18 scrolls of remove curse
 j - 34 scrolls of identify
 n - 3 scrolls of amnesia
 p - 2 scrolls of summoning
 s - 7 scrolls of enchant armour
 x - 2 scrolls of blinking
 H - 3 scrolls of fear
 I - 5 scrolls of fog
 T - 2 scrolls of magic mapping
 Y - a scroll of holy word
Potions
 a - a potion of might
 b - 11 potions of curing
 l - 7 potions of agility
 q - 3 potions of magic
 t - 4 potions of cancellation
 u - 5 potions of haste
 C - 2 potions of resistance
 F - 4 potions of ambrosia
 Q - 6 potions of flight
 R - 3 potions of mutation
 S - a potion of invisibility
Comestibles
 c - 48 rations


   Skills:
 + Level 4.9 Fighting
   Level 4.8(5.4) Short Blades
 + Level 3.4(4.5) Long Blades
   Level 0.2(1.1) Axes
 + Level 1.6(1.7) Maces & Flails
 + Level 0.6(1.5) Staves
 + Level 1.1 Armour
 + Level 10.1 Dodging
 - Level 3.4 Stealth
 + Level 4.7 Shields
 + Level 20.6 Spellcasting
 + Level 10.7 Conjurations
 + Level 8.5 Charms
 + Level 9.0 Necromancy
 + Level 4.1 Translocations
 + Level 1.7 Fire Magic
 + Level 4.1 Ice Magic
 + Level 19.2 Air Magic
   Level 1.0 Earth Magic
 + Level 6.2 Poison Magic
 + Level 0.9 Evocations


You had 2 spell levels left.
You knew the following spells:

 Your Spells              Type           Power        Failure   Level  Hunger
a - Conjure Ball Lightni  Conj/Air       #######...   1%          6    None
b - Static Discharge      Conj/Air       #######.     0%          3    None
c - Airstrike             Air            ########..   0%          4    None
d - Regeneration          Chrm/Necr      #######...   1%          3    None
e - Lightning Bolt        Conj/Air       #######...   1%          5    None
f - Flame Tongue          Conj/Fire      #####        1%          1    None
g - Vampiric Draining     Necr           #######...   1%          3    None
h - Force Lance           Conj/Tloc      ######..     1%          4    None
i - Ozocubu's Refrigerat  Ice            ######....   3%          6    None
j - Olgreb's Toxic Radia  Pois           ######..     1%          4    None
k - Blink                 Tloc           N/A          1%          2    None
l - Shroud of Golubria    Chrm/Tloc      ######....   1%          2    None
m - Orb of Destruction    Conj           #######...   1%          7    #......
n - Iskenderun's Battles  Conj/Chrm      #######.     1%          5    None
o - Apportation           Tloc           ######       1%          1    None

Your spell library contained the following spells:

 Spells                   Type           Power        Failure   Level  Hunger
 Animate Skeleton         Necr           N/A          0%          1    None
 Magic Dart               Conj           ####         0%          1    None
 Pain                     Necr           ####         0%          1    None
 Shock                    Conj/Air       ####         0%          1    None
 Searing Ray              Conj           ######       0%          2    None
 Swiftness                Chrm/Air       #######.     0%          2    None
 Confusing Touch          Hex            ####..       1%          1    None
 Infusion                 Chrm           ####         1%          1    None
 Summon Small Mammal      Summ           ####         1%          1    None
 Song of Slaying          Chrm           ######..     1%          2    None
 Confuse                  Hex            ####....     1%          3    None
 Dazzling Spray           Conj/Hex       ######       1%          3    None
 Gell's Gravitas          Tloc           ######....   1%          3    None
 Lesser Beckoning         Tloc           ######....   1%          3    None
 Spectral Weapon          Hex/Chrm       ######..     1%          3    None
 Teleport Other           Tloc           ######..     1%          3    None
 Animate Dead             Necr           N/A          1%          4    None
 Fulminant Prism          Conj/Hex       ######....   1%          4    None
 Iskenderun's Mystic Bla  Conj           #######.     1%          4    None
 Passage of Golubria      Tloc           N/A          1%          4    None
 Bolt of Magma            Conj/Fire/Erth ######....   1%          5    None
 Iron Shot                Conj/Erth      ######....   1%          6    None
 Leda's Liquefaction      Hex/Erth       #####.....   3%          4    None
 Petrify                  Tmut/Erth      #####...     3%          4    None
 Yara's Violent Unravell  Hex/Tmut       ####......   3%          5    None
 Metabolic Englaciation   Hex/Ice        #####.....   4%          5    None
 Statue Form              Tmut/Erth      #####....    41%         6    None
 Shatter                  Erth           #####.....   100%        9    ######.


Dungeon Overview and Level Annotations

Branches:
Dungeon (15/15)            Temple (1/1) D:7            Lair (6/6) D:11
 Shoals (3/4) Lair:2       Spider (4/4) Lair:4        Slime (0/5) Lair:6
    Orc (2/2) D:10            Elf (0/3) Orc:2        Vaults (0/5) D:13
 Depths (0/5) D:15

Altars:
Ashenzari
Cheibriados
Dithmenos
Elyvilon
Fedhas
Gozag
Hepliaklqana
Kikubaaqudgha
Makhleb
Nemelex Xobeh
Okawaru
Qazlal
Ru
Sif Muna
Trog
Uskayaw
Vehumet
Wu Jian
Xom
Yredelemnul
Zin
The Shining One
Beogh
Jiyva

Shops:
D:10 !   D:14 ?   Orc:2 ?[**


Innate Abilities, Weirdness & Mutations

You are partially covered in yellow scales. (AC +2)
Armour fits poorly on your strangely shaped body.


Message History

Unknown command.
Unknown command.
You feel much better.
The satyr shoots an arrow.
The arrow misses you.
Unknown command.
Evoke which item? (* to show all) (? for menu, Esc to quit)
Aiming: Scattershot
Press: ? - help, Shift-Dir - straight line, f - satyr
Aim: a satyr, wielding a longbow (lightly wounded, poisoned)
The burst of metal fragments hits the satyr. x4
The satyr is heavily wounded.
Unknown command.
Evoke which item? (* to show all) (? for menu, Esc to quit)
Aiming: Cloud Cone
Press: ? - help, Dir - move target cursor, f/p - satyr
Aim: a satyr, wielding a longbow (heavily wounded, poisoned)
You create a blast of flame!
The plant is engulfed in blazing flames. x6
The satyr is engulfed in blazing flames.
The satyr shoots an arrow.
The arrow hits you!!
You die...

.....≈P≈P.....##(..≈≈≈≈≈≈≈≈≈≈≈≈≈≈
##.P≈≈P≈≈PP..≈..........≈≈≈≈≈≈≈≈≈
[....≈PP......[#.<....(.≈≈≈≈≈≈≈≈≈
.≈≈≈.≈≈≈≈PP....).......≈≈≈≈≈≈≈≈≈≈
.≈≈.≈≈≈≈≈..........(..≈≈≈≈≈≈≈....
..≈≈P≈≈≈PP.P###....(≈...≈≈≈≈...##
...≈≈≈≈PP.P..##.........≈≈≈≈...##
...≈≈≈≈≈≈≈.....(........≈≈≈≈..###
....≈≈≈≈≈≈P....§@†≈.....≈≈≈≈..###
...≈≈≈≈≈≈P≈.≈§§c§≈≈≈....≈≈≈≈.....
.≈.≈≈≈≈≈≈≈≈§§§PP≈≈≈≈..≈≈≈≈≈≈≈≈...
#≈≈≈≈.≈≈≈≈≈§§§P§≈≈≈.(.≈≈≈≈≈≈≈≈≈..
..≈≈≈≈≈≈≈≈.§PPP...≈≈.≈≈≈≈≈≈≈≈≈≈..
.≈≈≈.≈≈≈≈..§#####.....≈≈≈≈≈≈≈≈≈≈≈
.≈...≈≈≈≈...## ###.P.≈≈≈≈≈≈≈≈≈≈≈
.≈≈≈≈≈≈≈≈≈...## ###.P≈≈≈≈≈≈≈≈≈≈
..≈≈≈≈≈≈≈≈≈...# #..P≈≈≈≈≈.>..


You could see a satyr.

Vanquished Creatures
  Arachne (Spider:2)
  Nikola (Spider:4)
  A kraken (Shoals:2)
  Ilsuiw (Shoals:2)
  5 ghost moths
  The ghost of PeterLawrence the Warrior, a journeyman MiFi of Okawaru (Lair:6)
  6 emperor scorpions
  3 entropy weavers (Spider:2)
  The ghost of yogakurto the Basher, a journeyman CeAK of Lugonu (Lair:3)
  A dire elephant (D:15)
  2 spark wasps (Spider:4)
  2 blizzard demons (IceCv)
  An ettin (Orc:1)
  A fire dragon (Lair:6)
  4 merfolk impalers
  A merfolk javelineer (Shoals:2)
  Fannar (D:11)
  7 hydras
  3 merfolk avatars
  2 catoblepae
  4 centaur warriors
  An anaconda (Lair:6)
  A merfolk aquamancer (Shoals:1)
  2 dancing weapons (D:13)
  6 two-headed ogres
  A death knight (D:15)
  An alligator (Lair:6)
  The ghost of Rorewn the Basher, a journeyman GrFi of Cheibriados (Orc:1)
  8 death yaks
  A queen ant (Spider:2)
  Urug (D:12)
  3 orc high priests (Orc:2)
  A skeletal warrior (D:15)
  3 unseen horrors
  A swamp dragon (Lair:6)
  A lindwurm (Lair:4)
  A spectral hydra (Lair:3)
  Pikel (D:5)
  5 sea snakes
  2 wolf spider zombies
  4 orc sorcerers
  3 cyclopes
  20 orb spiders
  7 ugly things
  4 deep elf magi
  6 manticores
  23 wolf spiders
  4 orc knights (Orc:2)
  2 fauns
  6 merfolk sirens
  A moth of wrath (Spider:3)
  13 black mambas
  2 water nymphs
  6 elephants (Lair:6)
  2 ice statues (IceCv)
  The ghost of HaraKiri the Cleaver, a novice MiMo of Okawaru (D:6)
  8 spiny frogs
  A gargoyle (D:15)
  3 torpor snails
  4 rime drakes (Lair:6)
  14 demonic crawlers
  2 freezing wraiths (D:15)
  An efreet (D:15)
  A kobold demonologist (D:13)
  7 komodo dragons
  7 ice devils (IceCv)
  21 jumping spiders
  5 trolls
  11 merfolk
  14 slime creatures
  9 polar bears (Lair:6)
  A wind drake (Shoals:2)
  4 raiju (Lair:6)
  A blink frog (shapeshifter) (D:13)
  12 hornets
  4 blink frogs (Lair:5)
  10 hippogriffs
  6 snapping turtles
  27 dream sheep
  2 spectral black mambas (Lair:4)
  16 tarantellas
  54 redbacks
  8 water elementals
  3 shadows
  6 wraiths
  45 yaks
  5 basilisks
  A golden eye (shapeshifter) (D:13)
  A steam dragon (Lair:6)
  11 vampire mosquitoes
  5 hungry ghosts
  A death yak simulacrum (Lair:4)
  Menkaure (D:7)
  7 wargs
  2 harpy simulacra (IceCv)
  4 iron troll simulacra (IceCv)
  2 acid dragons (Lair:6)
  24 soldier ants (Spider:2)
  20 water moccasins
  Duvessa (D:7)
  11 hell hounds (Lair:6)
  2 hydra simulacra (IceCv)
  16 porcupines
  2 sky beasts (D:12)
  17 orc warriors
  A swamp drake (Lair:6)
  4 ice beasts
  14 black bears
  A black mamba simulacrum (Lair:4)
  3 eyes of draining
  2 ettin simulacra (IceCv)
  9 ogres
  50 wolves
  19 centaurs
  18 crocodiles
  3 big kobolds
  23 bullfrogs
  Dowan (D:7)
  11 scorpions
  10 killer bees
  5 wights
  An electric eel (Spider:2)
  5 howler monkeys
  10 crimson imps
  3 centaur zombies
  A fire crab simulacrum (Lair:4)
  3 bullfrog zombies
  8 jellies
  2 bullfrog skeletons
  5 quasits
  2 human zombies (Ossuary)
  3 centaur skeletons
  17 orc priests
  3 hounds
  27 orc wizards
  2 iguanas
  22 worker ants
  2 big kobold zombies (Ossuary)
  A hound skeleton (D:4)
  3 mummies (Ossuary)
  15 adders
  10 gnolls
  A howler monkey skeleton (D:7)
  5 scorpion zombies (Ossuary)
  2 shadow imps
  10 oozes
  2 adder skeletons
  4 worms
  3 dart slugs
  6 leopard geckos
  66 orcs
  2 ball pythons
  4 giant cockroaches
  4 gnoll zombies (Ossuary)
  14 goblins
  15 hobgoblins
  4 jackals (D:1)
  9 quokkas
  14 bats
  8 frilled lizards
  A goblin zombie (Ossuary)
  19 kobolds
  3 kobold zombies (Ossuary)
  An orc zombie (Ossuary)
  A quokka skeleton (D:7)
  2 quokka zombies
  11 rats
  2 fungi
  4 plants
1170 creatures vanquished.

Vanquished Creatures (collateral kills)
  A ball lightning (Shoals:3)
  An eye of draining (D:7)
2 creatures vanquished.

Vanquished Creatures (others)
  10 ball lightnings
  A spectral hydra (Lair:4)
  An orb spider (Spider:4)
  A tarantella (Spider:2)
  A centaur (D:13)
  An orc wizard (Orc:2)
  A big kobold zombie (Ossuary)
  A gnoll (D:5)
  6 orcs (D:5)
  5 goblins (D:5)
  3 hobgoblins (D:5)
  A kobold (D:5)
  27 fungi
  29 plants
  4 tentacles (Shoals:2)
92 creatures vanquished.

Grand Total: 1264 creatures vanquished

Notes
Turn   | Place    | Note
-------+----------+-------------------------------------------
     0 | D:1      | dvd the Deep Elf Air Elementalist began the quest for the
                  | Orb.
     0 | D:1      | Reached XP level 1. HP: 10/10 MP: 6/6
    55 | D:1      | Reached XP level 2. HP: 14/15 MP: 0/8
   451 | D:1      | Reached XP level 3. HP: 19/19 MP: 8/10
   517 | D:1      | Learned a level 3 spell: Static Discharge
   998 | D:2      | Reached skill level 4 in Spellcasting
  1002 | D:2      | Reached XP level 4. HP: 24/24 MP: 3/12
  1228 | D:2      | Found a shattered altar of Ashenzari.
  1487 | D:2      | Reached XP level 5. HP: 28/28 MP: 10/14
  1528 | D:2      | Found an opulent altar of Gozag.
  2233 | D:3      | Reached skill level 5 in Spellcasting
  2484 | D:3      | Learned a level 4 spell: Airstrike
  2488 | D:3      | Learned a level 3 spell: Regeneration
  3092 | D:4      | Reached XP level 6. HP: 32/32 MP: 10/15
  3093 | D:4      | Found a white marble altar of Elyvilon.
  3137 | D:4      | Found an ornate altar of the Wu Jian Council.
  3313 | D:4      | Reached skill level 5 in Air Magic
  3379 | D:4      | Reached skill level 6 in Spellcasting
  3408 | D:4      | Found a sand-covered staircase.
  3417 | Ossuary  | Entered an ossuary
  3539 | Ossuary  | Reached XP level 7. HP: 22/36 MP: 0/18
  4538 | Ossuary  | Reached skill level 1 in Charms
  4757 | Ossuary  | Reached skill level 7 in Spellcasting
  4953 | D:4      | Reached XP level 8. HP: 30/41 MP: 11/20
  5356 | D:5      | Entered Level 5 of the Dungeon
  5359 | D:5      | Reached skill level 1 in Short Blades
  5477 | D:5      | Learned a level 5 spell: Lightning Bolt
  5608 | D:5      | Got a polished scale mail
  5790 | D:5      | Noticed Pikel
  5795 | D:5      | Killed Pikel
  5795 | D:5      | Reached skill level 9 in Spellcasting
  6061 | D:5      | Identified the cursed +1 scale mail of Whack-A-Mole
                  | {Stlth+} (You found it on level 5 of the Dungeon)
  6363 | D:5      | Found a hide-covered altar of Uskayaw.
  6885 | D:6      | Found a glowing silver altar of Zin.
  7191 | D:6      | Found a transporter.
  7196 | D:6      | Noticed HaraKiri's ghost (novice MiMo)
  7207 | D:6      | Found a transporter.
  7293 | D:6      | Reached XP level 9. HP: 34/45 MP: 10/24
  7702 | D:7      | Found a shadowy altar of Dithmenos.
  7707 | D:7      | Reached skill level 1 in Necromancy
  8195 | D:7      | Reached skill level 5 in Conjurations
  8340 | D:7      | Noticed Menkaure
  8345 | D:7      | Killed Menkaure
  8375 | D:7      | Noticed Duvessa
  8425 | D:7      | Killed Duvessa
  8425 | D:7      | Reached skill level 10 in Spellcasting
  8501 | D:7      | Noticed Dowan
  8613 | D:7      | Found a staircase to the Ecumenical Temple.
  8623 | Temple   | Entered the Ecumenical Temple
  8715 | Temple   | Became a worshipper of Vehumet
  8970 | D:7      | Found an iron altar of Okawaru.
  9041 | D:7      | Killed Dowan
 10006 | D:8      | Reached skill level 10 in Air Magic
 10058 | D:8      | Found a shadowy altar of Dithmenos.
 10231 | D:8      | Reached * piety under Vehumet
 10231 | D:8      | Offered knowledge of Flame Tongue by Vehumet.
 10468 | D:8      | Reached XP level 10. HP: 51/51 MP: 5/26
 10876 | D:8      | Reached skill level 5 in Dodging
 10876 | D:8      | Reached skill level 11 in Spellcasting
 10876 | D:8      | Reached skill level 5 in Charms
 10876 | D:8      | Reached XP level 11. HP: 58/58 MP: 26/28
 10893 | D:8      | Reached skill level 12 in Spellcasting
 10893 | D:8      | Reached skill level 5 in Necromancy
 10893 | D:8      | Reached XP level 12. HP: 64/64 MP: 28/30
 10896 | D:8      | Learned a level 1 spell: Flame Tongue
 10900 | D:8      | Learned a level 3 spell: Vampiric Draining
 11196 | D:9      | Found a stormy altar of Qazlal.
 11680 | D:10     | Entered Level 10 of the Dungeon
 12071 | D:10     | Found a staircase to the Orcish Mines.
 12167 | D:10     | Found Keso's Distillery.
 12351 | D:10     | Noticed a two-headed ogre
 12356 | D:10     | Killed a two-headed ogre
 12707 | D:10     | Reached ** piety under Vehumet
 12993 | D:11     | Found a deep blue altar of Sif Muna.
 13040 | D:11     | Gained mutation: Armour fits poorly on your strangely
                  | shaped body. [potion of mutation]
 13040 | D:11     | Gained mutation: You are partially covered in yellow
                  | scales. (AC +2) [potion of mutation]
 13281 | D:11     | Offered knowledge of Sting by Vehumet.
 13297 | D:11     | Noticed Fannar
 13684 | D:11     | Killed Fannar
 13684 | D:11     | Reached skill level 13 in Spellcasting
 13844 | D:11     | Found a staircase to the Lair.
 13856 | D:11     | Reached skill level 1 in Armour
 14209 | Lair:1   | Entered Level 1 of the Lair of Beasts
 14888 | Lair:1   | Learned a level 4 spell: Force Lance
 14893 | Lair:1   | Learned a level 4 spell: Iskenderun's Mystic Blast
 15783 | Lair:2   | Offered knowledge of Conjure Flame by Vehumet.
 16032 | Lair:2   | Noticed a four-headed hydra
 16299 | Lair:2   | Reached *** piety under Vehumet
 16325 | Lair:2   | Killed a four-headed hydra
 16760 | Lair:2   | Found the +8 whip "Snakebite" {curare, rPois}
 16896 | Lair:2   | Found a staircase to the Shoals.
 16900 | Lair:2   | Reached XP level 13. HP: 69/69 MP: 20/32
 17748 | Lair:3   | Identified a scroll of acquirement
 17749 | Lair:3   | Got a slimy buckler
 17755 | Lair:3   | Identified the +1 buckler of Xegrosuw {+Blink Regen+ Int+4}
                  | (You acquired it on level 3 of the Lair of Beasts)
 17808 | Lair:3   | Got a wavering bone ring
 17810 | Lair:3   | Identified the ring of Xom's Ringing Laughter {Wiz SInv}
                  | (You found it on level 3 of the Lair of Beasts)
 17913 | Lair:3   | Reached skill level 14 in Spellcasting
 17991 | Lair:3   | Offered knowledge of Olgreb's Toxic Radiance by Vehumet.
 17998 | Lair:3   | Learned a level 4 spell: Olgreb's Toxic Radiance
 18622 | Lair:3   | Reached skill level 1 in Shields
 18829 | Lair:4   | Found a runed gate.
 18829 | Lair:4   | Found a runed gate.
 18829 | Lair:4   | Found a runed gate.
 19074 | Lair:4   | Found a hole to the Spider Nest.
 19193 | Lair:4   | Paralysed by a hornet for 1 turns
 19427 | Lair:4   | Reached **** piety under Vehumet
 19907 | Lair:4   | Noticed yogakurto's ghost (journeyman CeAK)
 20293 | Lair:5   | Offered knowledge of Mephitic Cloud by Vehumet.
 20868 | Lair:5   | Reached skill level 15 in Spellcasting
 20932 | Lair:5   | Reached skill level 1 in Poison Magic
 21687 | Lair:6   | Entered Level 6 of the Lair of Beasts
 22081 | Lair:6   | Reached XP level 14. HP: 32/75 MP: 6/35
 22086 | Lair:6   | Reached skill level 15 in Air Magic
 22149 | Lair:6   | Reached ***** piety under Vehumet
 22153 | Lair:6   | Offered knowledge of Poison Arrow by Vehumet.
 22172 | Lair:6   | Found a runed door.
 22172 | Lair:6   | Found a viscous altar of Jiyva.
 22386 | Lair:5   | Reached skill level 1 in Maces & Flails
 23278 | Lair:6   | Learned a level 2 spell: Blink
 24084 | Lair:6   | Got a flickering diamond amulet
 24085 | Lair:6   | Identified the amulet "Zeupot" {+Rage rElec} (You found it
                  | on level 6 of the Lair of Beasts)
 24359 | Lair:6   | Reached skill level 16 in Spellcasting
 24565 | Lair:6   | Noticed PeterLawrence's ghost (journeyman MiFi)
 24566 | Lair:6   | Found a runed door.
 24771 | Lair:6   | Found a staircase to the Slime Pits.
 24799 | Lair:6   | Learned a level 2 spell: Shroud of Golubria
 25073 | Orc:1    | Entered Level 1 of the Orcish Mines
 25337 | Orc:1    | Found a bloodstained altar of Trog.
 25405 | Orc:1    | Found a roughly hewn altar of Beogh.
 25590 | Orc:1    | Found a burning altar of Makhleb.
 25720 | Orc:1    | Found a runed door.
 25722 | Orc:1    | Noticed Rorewn's ghost (journeyman GrFi)
 25732 | Orc:1    | Killed Rorewn's ghost
 25919 | Orc:2    | Entered Level 2 of the Orcish Mines
 25921 | Orc:2    | Offered knowledge of Iskenderun's Battlesphere by Vehumet.
 26062 | Orc:2    | Reached ****** piety under Vehumet
 26422 | Orc:2    | Reached XP level 15. HP: 80/80 MP: 21/37
 27079 | Orc:2    | Found Xefuergh's Magic Scroll Shoppe.
 27079 | Orc:2    | Found Uschuureohacw's General Store.
 27081 | Orc:2    | Found Rauneki's General Store.
 27081 | Orc:2    | Found Izach's Armour Shoppe.
 27094 | Orc:2    | Bought a scroll of enchant weapon for 127 gold pieces
 27099 | Orc:2    | Bought a potion of resistance for 160 gold pieces
 27099 | Orc:2    | Bought a potion of curing for 48 gold pieces
 27099 | Orc:2    | Bought a potion of haste for 160 gold pieces
 27101 | Orc:2    | Bought a potion of magic for 96 gold pieces
 27106 | Orc:2    | Bought a scroll of teleportation for 51 gold pieces
 27106 | Orc:2    | Bought a scroll of teleportation for 51 gold pieces
 27133 | Orc:2    | Found a staircase to the Elven Halls.
 27423 | D:6      | Killed HaraKiri's ghost
 27580 | D:10     | Bought a potion of curing for 39 gold pieces
 27580 | D:10     | Bought a potion of haste for 130 gold pieces
 27580 | D:10     | Bought a potion of heal wounds for 65 gold pieces
 27580 | D:10     | Bought a potion of haste for 130 gold pieces
 27580 | D:10     | Bought a potion of curing for 39 gold pieces
 27580 | D:10     | Bought a potion of curing for 39 gold pieces
 27580 | D:10     | Bought a potion of magic for 104 gold pieces
 27582 | D:10     | Bought a potion of resistance for 130 gold pieces
 27582 | D:10     | Bought a potion of curing for 39 gold pieces
 27594 | D:10     | Learned a level 6 spell: Iron Shot
 27815 | Lair:3   | Killed yogakurto's ghost
 28313 | Lair:6   | Killed PeterLawrence's ghost
 28615 | D:12     | Noticed Urug
 28627 | D:12     | Killed Urug
 28632 | D:12     | Reached skill level 1 in Long Blades
 28765 | D:12     | Reached skill level 17 in Spellcasting
 29262 | D:12     | Learned a level 5 spell: Iskenderun's Battlesphere
 30006 | D:13     | Offered knowledge of Bolt of Draining by Vehumet.
 30449 | D:13     | Found a gate to the Vaults.
 31507 | D:14     | Found Ytyifaf's Magic Scroll Emporium.
 31510 | D:14     | Bought a scroll of blinking for 112 gold pieces
 31535 | D:14     | Got an ancient whip
 31741 | D:14     | Reached skill level 5 in Poison Magic
 32759 | D:15     | Entered Level 15 of the Dungeon
 33242 | D:14     | Reached XP level 16. HP: 79/86 MP: 28/39
 33433 | D:15     | Reached skill level 18 in Spellcasting
 33718 | D:15     | Identified the +11 whip of Watchfulness {protect, rC+ rN+
                  | Int+2} (You found it on level 14 of the Dungeon)
 34618 | D:15     | Offered knowledge of Ozocubu's Refrigeration by Vehumet.
 34687 | D:15     | Learned a level 6 spell: Ozocubu's Refrigeration
 34788 | D:15     | Found a staircase to the Depths.
 35065 | Spider:1 | Entered Level 1 of the Spider Nest
 36006 | Spider:2 | Reached skill level 1 in Translocations
 36012 | Spider:2 | Noticed Arachne
 36153 | Spider:2 | Reached skill level 1 in Ice Magic
 36689 | Spider:2 | Reached skill level 1 in Fire Magic
 37039 | Spider:2 | Killed Arachne
 37655 | Spider:2 | Got a translucent hand axe {chop}
 37663 | Spider:2 | Reached skill level 19 in Spellcasting
 37925 | Spider:2 | Offered knowledge of Conjure Ball Lightning by Vehumet.
 38750 | Spider:3 | Reached skill level 1 in Earth Magic
 38751 | Spider:3 | Found a frozen archway.
 38760 | IceCv    | Entered an ice cave
 38943 | IceCv    | Identified the +7 hand axe of Tortfeasance {chop, rC+
                  | Dex+4} (You took it off an entropy weaver on level 2 of the
                  | Spider Nest)
 39036 | IceCv    | Reached XP level 17. HP: 90/90 MP: 27/42
 39047 | IceCv    | Learned a level 6 spell: Conjure Ball Lightning
 39351 | IceCv    | Reached skill level 10 in Conjurations
 39559 | IceCv    | Got a crystal hand axe
 39567 | IceCv    | Got a jewelled chain mail
 39568 | IceCv    | Identified the cursed +0 chain mail of the Tick {rC- rCorr
                  | Str-3 Int+9} (You found it in an ice cave)
 39573 | IceCv    | Identified the +5 hand axe of the Red Skies {protect, +Fly
                  | rF- rN+ Int+4} (You found it in an ice cave)
 40022 | Spider:3 | Offered knowledge of Freezing Cloud by Vehumet.
 40516 | Spider:4 | Entered Level 4 of the Spider Nest
 41643 | Spider:4 | Reached skill level 10 in Dodging
 42141 | Spider:4 | Noticed Nikola
 42629 | Spider:4 | Killed Nikola
 42629 | Spider:4 | Offered knowledge of Orb of Destruction by Vehumet.
 42789 | Spider:3 | Learned a level 7 spell: Orb of Destruction
 42868 | Spider:4 | Reached skill level 20 in Spellcasting
 43284 | Spider:4 | Got a gossamer rune of Zot
 43523 | Shoals:1 | Entered Level 1 of the Shoals
 45138 | Shoals:2 | Noticed a kraken
 45143 | Shoals:2 | Killed a kraken
 45151 | Shoals:2 | Noticed Ilsuiw
 46264 | Shoals:2 | Reached XP level 18. HP: 74/96 MP: 21/44
 46682 | Shoals:2 | Killed Ilsuiw
 46892 | Shoals:2 | Learned a level 1 spell: Apportation
 47097 | Shoals:3 | HP: 4/96 [faun/stone[a satyr] (4)]
 47102 | Shoals:2 | Shot with an arrow by a satyr

Skill      XL: |  1  2  3  4  5  6  7  8  9 10 11 12 13 14 15 16 17 18 |
---------------+-------------------------------------------------------+-----
Spellcasting   | 4 5 6 7 9 10 11 12 13 15 16 17 19 20 | 20.6
Dodging        | 3 4 5 6 7 8 9 10 | 10.1
Air Magic      | 4 5 6 8 10 11 13 14 16 17 19 | 19.2
Conjurations   | 2 3 4 5 6 7 8 9 10 | 10.7
Charms         | 2 5 6 7 8 |  8.5
Short Blades   | 1 3 4 |  4.8
Stealth        | 3 |  3.4
Necromancy     | 1 4 5 6 7 8 9 |  9.0
Fighting       | 2 3 4 |  4.9
Armour         | 1 |  1.1
Shields        | 3 4 |  4.7
Poison Magic   | 2 4 5 6 |  6.2
Maces & Flails | 1 |  1.6
Long Blades    | 3 |  3.4
Translocations | 2 3 4 |  4.1
Ice Magic      | 3 4 |  4.1
Fire Magic     | 1 |  1.7
Earth Magic    | 1 |  1.0
Axes           | |  0.2
Staves         | |  0.6
Evocations     | |  0.9

Action                   |  1- 3 |  4- 6 |  7- 9 | 10-12 | 13-15 | 16-18 || total
-------------------------+-------+-------+-------+-------+-------+-------++-------
Melee: Unarmed           |     3 |       |       |       |       |       ||     3
       Dagger            |       |     6 |    41 |    29 |       |       ||    76
       Rapier            |       |    24 |    20 |       |       |       ||    44
       Short sword       |       |       |       |    16 |    24 |       ||    40
       Staff             |       |       |       |       |   105 |       ||   105
       Whip              |       |       |       |       |    40 |   142 ||   182
       Long sword        |       |       |       |       |   151 |    45 ||   196
       Hand axe          |       |       |       |       |       |    12 ||    12
 Cast: Shock             |    44 |   128 |   150 |    13 |    31 |     4 ||   370
       Static Discharge  |       |    18 |    41 |    17 |    89 |    21 ||   186
       Regeneration      |       |     1 |    18 |     3 |    26 |    60 ||   108
       Airstrike         |       |     4 |    80 |   107 |   293 |   264 ||   748
       Lightning Bolt    |       |       |       |    24 |   149 |   113 ||   286
       Vampiric Draining |       |       |       |    21 |   111 |    27 ||   159
       Force Lance       |       |       |       |     4 |    37 |    66 ||   107
       Iskenderun's Myst |       |       |       |     2 |     9 |       ||    11
       Olgreb's Toxic Ra |       |       |       |       |   104 |    71 ||   175
       Flame Tongue      |       |       |       |       |    23 |   157 ||   180
       Shroud of Golubri |       |       |       |       |     7 |    44 ||    51
       Iron Shot         |       |       |       |       |     8 |    21 ||    29
       Iskenderun's Batt |       |       |       |       |     6 |    58 ||    64
       Blink             |       |       |       |       |     1 |    60 ||    61
       Ozocubu's Refrige |       |       |       |       |       |     7 ||     7
       Orb of Destructio |       |       |       |       |       |    15 ||    15
       Conjure Ball Ligh |       |       |       |       |       |     5 ||     5
       Apportation       |       |       |       |       |       |     2 ||     2
 Abil: Evoke Berserk Rag |       |       |       |       |       |     1 ||     1
Evoke: Wand              |       |       |     3 |     3 |     3 |     8 ||    17
  Use: Scroll            |       |       |    14 |     4 |    24 |    14 ||    56
       Potion            |       |       |       |    17 |     2 |    14 ||    33
 Stab: Sleeping          |       |       |     1 |     1 |     1 |       ||     3
       Distracted        |       |       |       |     1 |       |     1 ||     2
  Eat: Chunk             |       |     9 |    29 |    19 |    36 |    12 ||   105
       Ration            |       |       |     2 |       |     3 |    11 ||    16
Armor: Robe              |     2 |    15 |    32 |    29 |   161 |   179 ||   418
       Leather armour    |       |       |       |     5 |       |       ||     5
Dodge: Dodged            |    16 |    55 |   124 |    84 |   601 |   720 ||  1600
Block: Buckler           |       |       |       |       |   201 |   246 ||   447
       Rpst.: Long sword |       |       |       |       |    63 |    23 ||    86
